 Seeded DCSS version 0.29.1-15-g9cfb28693d (webtiles) character file.

Game seed: 15822848163574757677 (custom seed)

1654 kingofthe the Thaumaturge (level 8, -7/41 HPs)
             Began as a Deep Elf Conjurer on Mar 11, 2023.
             Was a Follower of Sif Muna.
             Mangled by Prince Ribbit (9 damage)
             ... on level 6 of the Dungeon.
             The game lasted 00:12:46 (5942 turns).

kingofthe the Thaumaturge (Deep Elf Conjurer)       Turns: 5942, Time: 00:12:47

Health: -7/41      AC:  5    Str:  4    XL:     8   Next: 68%
Magic:  28/31      EV: 13    Int: 24    God:    Sif Muna [*.....]
Gold:   361        SH:  0    Dex: 15    Spells: 5/24 levels left

rFire   . . .      SeeInvis .   a - staff of conjuration {!a}
rCold   . . .      Faith    .   (no shield)
rNeg    . . .      Spirit   .   u - +0 robe
rPois   .          Reflect  .   A - +0 helmet
rElec   .          Harm     .   (no cloak)
rCorr   .          Rampage  .   g - +0 pair of gloves
Will    .....                   y - +0 pair of boots
Stlth   +++.......              (no amulet)
HPRegen 0.13/turn               M - ring of magical power
MPRegen 0.22/turn               (no ring)

@: very slightly contaminated
A: no striking features
a: Renounce Religion, Channel Magic


You were on level 6 of the Dungeon.
You worshipped Sif Muna.
Sif Muna was aware of your devotion.
You visited 1 branch of the dungeon, and saw 6 of its levels.

You collected 361 gold pieces.


   Skills:
 * Level 3.5 Dodging
 + Level 4.5 Stealth
 + Level 8.6 Spellcasting
 + Level 8.2 Conjurations
 + Level 7.1 Hexes
 * Level 0.0 Fire Magic
 * Level 0.0 Invocations


You had 5 spell levels left.
You knew the following spells:

 Your Spells              Type           Power      Damage    Failure   Level
a - Magic Dart            Conj           100%       1d8       1%          1
b - Searing Ray           Conj           100%       2d8       1%          2
c - Foxfire               Conj/Fire      100%       2x1d9     1%          1
d - Fulminant Prism       Conj/Hex       31%        3d16      2%          4
e - Mephitic Cloud        Conj/Pois/Air  35%        N/A       6%          3
f - Stone Arrow           Conj/Erth      90%        3d12      3%          3
z - Sublimation of Blood  Necr           10%        N/A       10%         2
C - Conjure Flame         Conj/Fire      45%        6-21      3%          3

Your spell library contained the following spells:

 Spells                   Type           Power      Damage    Failure   Level
 Dazzling Flash           Conj/Hex       100%       N/A       1%          3
 Inner Flame              Hex/Fire       27%        N/A       4%          3
 Portal Projectile        Hex/Tloc       54%        N/A       4%          3
 Wereblood                Tmut           10%        N/A       10%         2
 Flame Wave               Conj/Fire      45%        2d12      11%         4
 Iskenderun's Mystic Bla  Conj/Tloc      45%        2d10      11%         4
 Leda's Liquefaction      Hex/Erth       13%        N/A       14%         4
 Call Canine Familiar     Summ           10%        N/A       19%         3
 Ignite Poison            Fire/Tmut/Pois 10%        N/A       19%         3
 Freezing Cloud           Conj/Ice/Air   17%        6-21      50%         5
 Animate Armour           Summ/Erth      20%        N/A       52%         4
 Summon Hydra             Summ           5%         N/A       100%        7
 Lehudib's Crystal Spear  Conj/Erth      22%        10d6      100%        8

Inventory:

Missiles
 m - a throwing net {=f}
Armour
 g - a +0 pair of gloves (worn)
 j - the +1 ring mail "Vuekuas" {Will+ Str+3}
   (You found it on level 2 of the Dungeon)

   Str:       It affects your strength (+3).
   Will:      It increases your willpower.
 s - the +2 buckler of the Wasteland {+Inv Dex+2 Stlth-}
   (You found it on level 4 of the Dungeon)

   Dex:       It affects your dexterity (+2).
   +Inv:      It lets you turn invisible.
   Stlth:     It makes you less stealthy.
 u - a +0 robe (worn)
 y - a +0 pair of boots (worn)
 A - a +0 helmet (worn)
Magical Staves
 a - a staff of conjuration (weapon) {!a}
 b - a staff of fire {!a}
 c - a staff of cold {!a}
Jewellery
 M - a ring of magical power (left hand)
Wands
 k - a wand of quicksilver (3)
Scrolls
 f - a scroll of brand weapon {unknown}
 h - 2 scrolls of teleportation {unknown}
 i - a scroll of vulnerability {unknown}
 o - a scroll of noise {unknown}
 r - 2 scrolls of amnesia {unknown}
 x - 6 scrolls of identify {unknown}
 B - a scroll of blinking {unknown}
Potions
 d - 3 potions of haste {unknown}
 e - a potion of experience {unknown}
 l - 2 potions of curing {unknown}
 n - 2 potions of mutation {unknown}
 p - a potion of degeneration {unknown}
 q - a potion of flight {unknown}
 t - a potion of resistance {unknown}
 v - 2 potions of ambrosia {unknown}
 w - a potion of magic
 z - a potion of lignification {unknown}

Dungeon Overview and Level Annotations

Branches:
Dungeon (6/15)
 Temple: D:4-7

Altars:
Dithmenos
Hepliaklqana
Sif Muna
Trog
Uskayaw
Zin
The Shining One

Shops:
D:5 (   D:6 :

Annotations:
D:6 Prince Ribbit

### ## ##### #.## .
...# #..# #. #..#
#..## #.. # #..##
#...# ##.###. #...#
#...# ###.....# #..##
#.... ......vv##
#...####.... #.?.F@ยง#
##...........
#.####.###......#.....
##.##.....##...##
#...........###
##....###..## #...(.##
#.## .<...#..# #.#
...####..# #.# .. ##..


You could see Prince Ribbit (ally target).


Message History

You kill the white imp!
Sif Muna accepts your kill.
Your foxfire dissipates! x2
HP restored.
Found 2 stones.
Found an escape hatch in the ceiling.
Use which ability? (? or * to list)
Okay, then.
Found a scroll labelled QYNURA ALA KINK.
Prince Ribbit comes into view.
Prince Ribbit gives a loud, deep croak!
Casting: Foxfire (safe; 1% risk of failure)
Confirm with . or Enter, or press ? or * to list all spells.
You feel a surge of power!
You conjure some foxfire!
Prince Ribbit hits you!
Casting: Foxfire (safe; 1% risk of failure)
Confirm with . or Enter, or press ? or * to list all spells.
You feel a surge of power!
You miscast Foxfire.
You are very lightly contaminated with residual magic.
Nothing appears to happen.
The foxfire hits Prince Ribbit.
Prince Ribbit is lightly wounded.
The foxfire hits Prince Ribbit!
Prince Ribbit is moderately wounded.
Prince Ribbit hits you!
* * * LOW HITPOINT WARNING * * *
Prince Ribbit hits you!
* * * LOW HITPOINT WARNING * * *
Casting: Foxfire (safe; 1% risk of failure)
Confirm with . or Enter, or press ? or * to list all spells.
You feel a surge of power!
You conjure some foxfire!
Prince Ribbit hits you!
You die...

Skill      XL: |  1  2  3  4  5  6  7  8 |
---------------+-------------------------+-----
Dodging        | 3 |  3.5
Stealth        | 3 4 |  4.5
Conjurations   | 5 6 7 8 |  8.2
Spellcasting   | 4 5 6 7 8 |  8.6
Hexes          | 4 7 |  7.1

Action                   |  1- 3 |  4- 6 |  7- 9 || total
-------------------------+-------+-------+-------++-------
 Cast: Magic Dart        |    76 |    39 |    17 ||   132
       Foxfire           |    12 |    18 |   120 ||   150
       Searing Ray       |     2 |     8 |     1 ||    11
       Mephitic Cloud    |       |       |     2 ||     2
       Fulminant Prism   |       |       |     2 ||     2
Armor: Robe              |     3 |     1 |     6 ||    10
Dodge: Dodged            |     3 |     5 |     7 ||    15

Levels and vault maps discovered:
D:1:      heliophobic_arrival_enchanted_forest, layout_loops_ring,
          minmay_misc_feat_enclosed, minmay_tromino_v4_a
D:2:      kennysheep_big_flooded_room, layout_rooms, kennysheep_generic_room_13
D:3:      layout_loops_corners, zin_statuary, mainiacjoe_overflow_boulevard,
          mainiacjoe_overflow_six_doors_small, guppyfry_early_lair_pool,
          uniq_jessica
D:4:      layout_rooms, uniq_duvessa
D:5:      layout_cave_pools, tso_altar, nicolae_overflow_two_pavilions,
          mainiacjoe_overflow_alcove_4, serial_shops, shop,
          minmay_splitting_lines
D:6:      layout_layer_cave, serial_shops, nicolae_shop_hallway_stairs,
          nicolae_wooded_promenade, moated_statue, corexii_shack,
          minmay_pentangle, uniq_menkaure, uniq_prince_ribbit1

Notes
Turn   | Place    | Note
-------+----------+-------------------------------------------
     0 | D:1      | kingofthe the Deep Elf Conjurer began the quest for the
                  | Orb.
     0 | D:1      | Reached XP level 1. HP: 10/10 MP: 6/6
   337 | D:1      | Reached XP level 2. HP: 15/15 MP: 5/8
   340 | D:1      | Learned a level 2 spell: Searing Ray
   758 | D:1      | Reached skill level 3 in Dodging
   855 | D:1      | Reached XP level 3. HP: 15/19 MP: 5/10
  1433 | D:2      | Reached skill level 3 in Stealth
  1507 | D:2      | Identified the +1 ring mail "Vuekuas" {Will+ Str+3}
  1608 | D:2      | Reached skill level 5 in Conjurations
  1714 | D:2      | Learned a level 1 spell: Foxfire
  1959 | D:3      | Noticed Jessica
  1989 | D:3      | Killed Jessica
  1990 | D:3      | Reached skill level 4 in Spellcasting
  1990 | D:3      | Reached XP level 4. HP: 24/24 MP: 7/12
  2227 | D:3      | Found a bloodstained altar of Trog.
  2306 | D:3      | Identified the +3 scale mail of the Viny Hot Ocelot {rElec
                  | rPois Stlth+}
  2639 | D:3      | Found a shimmering blue altar of Sif Muna.
  2697 | D:3      | Became a worshipper of Sif Muna the Loreminder
  2735 | D:3      | Found a glowing silver altar of Zin.
  3078 | D:4      | Reached XP level 5. HP: 28/28 MP: 8/13
  3209 | D:4      | Noticed an ogre
  3216 | D:4      | Killed an ogre
  3217 | D:4      | Reached skill level 5 in Spellcasting
  3314 | D:4      | Noticed an ogre
  3321 | D:4      | Killed an ogre
  3322 | D:4      | Reached skill level 4 in Stealth
  3322 | D:4      | Reached skill level 6 in Conjurations
  3322 | D:4      | Reached XP level 6. HP: 32/32 MP: 9/16
  3323 | D:4      | Identified the +2 buckler of the Wasteland {+Inv Dex+2
                  | Stlth-}
  3323 | D:4      | Noticed Dowan
  3329 | D:4      | Killed Dowan
  3341 | D:4      | Noticed Duvessa
  3432 | D:4      | Reached skill level 6 in Spellcasting
  3594 | D:4      | Reached XP level 7. HP: 24/36 MP: 13/19
  3780 | D:4      | Learned a level 4 spell: Fulminant Prism
  3908 | D:4      | Reached skill level 7 in Spellcasting
  3908 | D:4      | Reached skill level 7 in Conjurations
  3908 | D:4      | Reached skill level 1 in Hexes
  4037 | D:4      | Learned a level 3 spell: Mephitic Cloud
  4067 | D:4      | Killed Duvessa
  4068 | D:4      | Reached skill level 2 in Hexes
  4298 | D:4      | Learned a level 3 spell: Stone Arrow
  4321 | D:5      | Entered Level 5 of the Dungeon
  4364 | D:5      | Reached skill level 3 in Hexes
  4429 | D:5      | Reached skill level 4 in Hexes
  4693 | D:5      | Reached XP level 8. HP: 41/41 MP: 16/21
  4772 | D:5      | Reached * piety under Sif Muna
  4813 | D:5      | Found Uheizinn's Antique Weapon Emporium.
  4957 | D:5      | Found a shadowy altar of Dithmenos.
  5009 | D:5      | Found a hide-covered altar of Uskayaw.
  5009 | D:5      | Found a hazy altar of Hepliaklqana.
  5061 | D:5      | Found a glowing golden altar of the Shining One.
  5171 | D:5      | Reached skill level 5 in Hexes
  5442 | D:6      | Found Rah Hec's Book Emporium.
  5471 | D:6      | Reached skill level 8 in Spellcasting
  5519 | D:6      | Noticed Menkaure
  5530 | D:6      | Killed Menkaure
  5531 | D:6      | Reached skill level 6 in Hexes
  5730 | D:6      | Reached skill level 8 in Conjurations
  5732 | D:6      | Reached skill level 7 in Hexes
  5824 | D:6      | Learned a level 2 spell: Sublimation of Blood
  5828 | D:6      | Learned a level 3 spell: Conjure Flame
  5938 | D:6      | Noticed Prince Ribbit
  5941 | D:6      | HP: 2/41 [Prince Ribbit (12)]
  5942 | D:6      | Mangled by Prince Ribbit

Vanquished Creatures
  Menkaure (D:6)
  Duvessa (D:4)
  A water moccasin (D:5)
  An ice beast (D:6)
  3 ogres
  2 phantoms (D:4)
  A necrophage (D:5)
  6 scorpions
  Dowan (D:4)
  A howler monkey (D:6)
  2 hounds (D:5)
  A jelly (D:6)
  Jessica (D:3)
  3 iguanas
  3 adders
  2 white imps
  2 worms (D:2)
  4 dart slugs
  13 orcs
  8 endoplasms
  A giant cockroach (D:1)
  9 goblins
  4 hobgoblins
  4 jackals (D:3)
  4 quokkas
  10 ball pythons
  3 bats
  4 frilled lizards (D:1)
  9 kobolds
  2 rats
  A foxfire (D:4)
108 creatures vanquished.

Vanquished Creatures (others)
  250 foxfires
  2 fulminant prisms (D:6)
  2 plants (D:3)
254 creatures vanquished.

Grand Total: 362 creatures vanquished

Table legend: (Time is in decaauts)
 A = Elapsed time spent in this place.
 B = Non-inter-level travel time spent in this place.
 C = Inter-level travel time spent in this place.
 D = Time resting spent in this place.
 E = Time spent auto-exploring this place.
 F = Levels seen in this place.
 G = Mean time per level.
                   A        B        C        D        E       F      G
               +--------+--------+--------+--------+--------+-----+--------+
         Total |   5940 |   5765 |    175 |    177 |   4787 |   6 |  990.0 |
       Dungeon |   5940 |   5765 |    175 |    177 |   4787 |   6 |  990.0 |
               +--------+--------+--------+--------+--------+-----+--------+

Top non-repeatable levels by time:
     D:1: 1299 daAuts
     D:4: 1252 daAuts
     D:3: 1125 daAuts
     D:5: 1120 daAuts
     D:2: 644 daAuts
     D:6: 498 daAuts

Table legend:
 A = Non-vault XP
 B = Vault XP
 C = Vault XP percentage of total XP
 D = Non-vault monster count
 E = Vault monster count
 F = Vault count percentage of total count
                 A         B        C        D         E       F
            +---------+---------+-------+---------+---------+-------
      Total |    1550 |     814 |  34.4 |      90 |      17 |  15.9
            +---------+---------+-------+---------+---------+-------
        D:1 |      44 |       6 |  12.0 |      26 |       4 |  13.3
        D:2 |      34 |       7 |  17.1 |      10 |       3 |  23.1
        D:3 |      36 |      37 |  50.7 |      15 |       1 |   6.2
        D:4 |     691 |     213 |  23.6 |      19 |       2 |   9.5
        D:5 |     603 |       0 |   0.0 |      18 |       0 |   0.0
        D:6 |     142 |     551 |  79.5 |       2 |       7 |  77.8
            +---------+---------+-------+---------+---------+-------
